 Dungeon Crawl Stone Soup version 0.27-a0-522-g46bbb28828 (webtiles) character file.

Game seed: 14394846904130495009

249 kae the Chopper (level 6, 0/55 HPs)
             Began as a Hill Orc Fighter on Mar 4, 2021.
             Slain by a gnoll (7 damage)
             ... on level 4 of the Dungeon.
             The game lasted 00:01:21 (2679 turns).

kae the Chopper (Hill Orc Fighter)                  Turns: 2679, Time: 00:01:22

Health: 0/55       AC:  8    Str: 21    XL:     6   Next: 12%
Magic:  8/8        EV:  7    Int:  8    God:
Gold:   129        SH:  9    Dex: 10    Spells: 8/8 levels left

rFire    . . .     SeeInvis .   a - +0 war axe
rCold    . . .     Faith    .   c - +0 kite shield
rNeg     . . .     Spirit   .   b - +1 scale mail
rPois    .         Reflect  .   (no helmet)
rElec    .         Harm     .   (no cloak)
rCorr    .         Rampage  .   (no gloves)
Will     .....                  (no boots)
Stlth    ..........             (no amulet)
HPRegen  0.18/turn              (no ring)
MPRegen  0.11/turn              (no ring)

@: no status effects
A: no striking features
a: no special abilities


You were on level 4 of the Dungeon.
You visited 1 branch of the dungeon, and saw 4 of its levels.

You collected 129 gold pieces.

Inventory:

Hand Weapons
 a - a +0 war axe (weapon)
Armour
 b - a +1 scale mail (worn)
 c - a +0 kite shield (worn)
Jewellery
 f - an amulet of guardian spirit
 g - a ring of protection from fire
 j - a ring of magical power
 n - a ring of protection from cold
Wands
 k - a wand of iceblast (9)
Scrolls
 e - 3 scrolls of identify
 l - a scroll of teleportation
 o - 3 scrolls of enchant armour
Potions
 d - a potion of might
 h - a potion of lignification
 i - a potion of resistance
 m - a potion of curing


   Skills:
 + Level 4.8 Fighting
 * Level 5.6 Axes
 + Level 4.3 Armour
 - Level 3.2 Shields
 + Level 1.6 Spellcasting


You had 8 spell levels left.
You didn't know any spells.
Your spell library was empty.

Dungeon Overview and Level Annotations

Branches:
Dungeon (4/15)
 Temple: D:4-7

Altars:


Message History

The gnoll is moderately wounded.
You hit the orc but do no damage.
The gnoll hits you with the +8 short sword "Syp Idie" {elec, Dex+4}!
You are electrocuted!
* * * LOW HITPOINT WARNING * * *
You block the orc's attack. The orc closely misses you.
You block the gnoll's attack.
You slash the gnoll!
You kill the gnoll!
You hit the orc but do no damage.
You feel sick. The orc hits you but does no damage. You block the orc's attack.
The ball python barely misses you. The ball python grabs you.
The ball python constricts you. The orc hits you but does no damage.
The orc barely misses you.
You feel better.
The ball python bites you but does no damage.
The ball python constricts you. The orc barely misses you.
You hit the ball python.
The ball python is heavily wounded.
You hit the orc but do no damage. You block the ball python's attack.
The ball python constricts you. You block the orc's attack.
The orc barely misses you.
The ball python bites you but does no damage.
The ball python constricts you.
The orc hits you from afar with a +0 trident.
* * * LOW HITPOINT WARNING * * *
The ball python's grasp on you weakens, but your attempt to escape fails.
The ball python bites you but does no damage.
The ball python constricts you. You block the orc's attack.
The orc hits you from afar with a +0 trident.
* * * LOW HITPOINT WARNING * * *
You slash the ball python!
You kill the ball python!
You hit the orc. You block the orc's attack. x2
You hit the gnoll.
The gnoll is lightly wounded.
You hit the orc but do no damage. The gnoll hits you.
* * * LOW HITPOINT WARNING * * *
The orc barely misses you. You block the orc's attack. The gnoll hits you!
You die...

** ##.#.#.........,,**,,,**
,* #.......$.....,****,,,*
,* #..$..........,****,,,**
,* #.........#,,,**,,**,,,*
,* #.........#,,.#*,,**,,,*
,*
**######(...#..#*,,,,**,,,
,*
*..............#*,,,,**,*,
,*
*.......$.####.#,,,,,,*,*,
,*
*........@+,,,,#,,**,,*,*,
**
*.......og#**,,,,****,,,*,
*........o.,,,,,,* *,***,
*.....#.....,,,,,* *,,,,,
*.....#.....),,,,*******,,
*,..#*#.......,,,,,,,,,*,*
*,..,*#........*,,,,,,,*,,
**,,,*#........+,,,,,,,***
******,,,**,,,,,,,,*,,,,,,,*


You could see a gnoll and 2 orcs.

Vanquished Creatures
  A centaur (D:4)
  Jessica (D:2)
  4 adders (D:3)
  2 gnolls (D:4)
  4 oozes
  A worm (D:2)
  2 dart slugs
  2 leopard geckos
  2 orcs (D:3)
  4 ball pythons
  10 bats
  3 giant cockroaches
  7 goblins
  4 hobgoblins
  2 jackals (D:1)
  4 kobolds
  2 quokkas
  4 frilled lizards
  A leopard gecko skeleton (D:4)
  6 rats
66 creatures vanquished.

Notes
Turn   | Place    | Note
-------+----------+-------------------------------------------
     0 | D:1      | kae the Hill Orc Fighter began the quest for the Orb.
     0 | D:1      | Reached XP level 1. HP: 19/19 MP: 1/1
    51 | D:1      | Reached skill level 3 in Axes
    51 | D:1      | Reached XP level 2. HP: 27/27 MP: 2/2
   494 | D:1      | Reached XP level 3. HP: 28/33 MP: 3/3
   962 | D:1      | You fall into a shaft and drop 1 floor!
  1007 | D:2      | Noticed Jessica
  1014 | D:2      | Killed Jessica
  1015 | D:2      | Reached skill level 4 in Axes
  1015 | D:2      | Reached XP level 4. HP: 40/40 MP: 3/5
  1703 | D:3      | Reached skill level 1 in Spellcasting
  2117 | D:3      | Reached XP level 5. HP: 36/47 MP: 6/6
  2337 | D:3      | Reached skill level 5 in Axes
  2622 | D:4      | Noticed a centaur
  2636 | D:4      | Killed a centaur
  2637 | D:4      | Reached XP level 6. HP: 47/53 MP: 6/8
  2664 | D:4      | Identified the +8 short sword "Syp Idie" {elec, Dex+4}
  2679 | D:4      | Slain by a gnoll

Illustrated notes

Levels and vault maps discovered:
D:1:      matt_arrival_spirals, layout_loops_ring, serial_aquarium,
          aquarium_bridge_straight [aquarium_subvault_bridge,
          aquarium_subvault_wall, aquarium_subvault_bridge,
          aquarium_subvault_wall], aquarium_window_fake, aquarium_window_1,
          aquarium_window_1, aquarium_view_4, aquarium_balcony_5b,
          aquarium_pool_2
D:2:      layout_basic, uniq_jessica
D:3:      layout_basic, serial_rivers, chequers_serial_rivers_micro_a,
          chequers_serial_rivers_small_b, chequers_serial_rivers_small_3,
          chequers_serial_rivers_micro_a
D:4:      layout_basic, portal_sewer_entry_e, minmay_misc_feat_x, hex_medium,
          st_stairs_13, uniq_natasha

Skill      XL: |  1  2  3  4  5 |
---------------+----------------+-----
Axes           | 3 4 5 |  5.6
Fighting       | 4 |  4.8
Spellcasting   | 1 |  1.6
Armour         | 4 |  4.3
Shields        | |  3.2

Action                   |  1- 3 |  4- 6 || total
-------------------------+-------+-------++-------
Melee: War axe           |    64 |   112 ||   176
  Use: Scroll            |       |     8 ||     8
       Potion            |       |     3 ||     3
Armor: Scale mail        |    39 |    58 ||    97
Dodge: Dodged            |    27 |    50 ||    77
Block: Kite shield       |    34 |    70 ||   104

Table legend: (Time is in decaauts)
 A = Elapsed time spent in this place.
 B = Non-inter-level travel time spent in this place.
 C = Inter-level travel time spent in this place.
 D = Time resting spent in this place.
 E = Time spent auto-exploring this place.
 F = Levels seen in this place.
 G = Mean time per level.
                   A        B        C        D        E       F      G
               +--------+--------+--------+--------+--------+-----+--------+
         Total |   2776 |   2719 |     57 |      2 |   2262 |   4 |  694.0 |
       Dungeon |   2776 |   2719 |     57 |      2 |   2262 |   4 |  694.0 |
               +--------+--------+--------+--------+--------+-----+--------+

Top non-repeatable levels by time:
     D:1: 995 daAuts
     D:3: 954 daAuts
     D:2: 743 daAuts
     D:4: 83 daAuts
